 Dungeon Crawl Stone Soup version 0.17-a0-2055-gb4e23be (webtiles) character file.

59080 tp1 the Tortoise (level 14, -8/88 HPs)
             Began as a Gargoyle Berserker on Oct 10, 2015.
             Was a High Priest of Trog.
             Killed from afar by a fire dragon (60 damage)
             ... with a blast of flame
             ... on level 8 of the Lair of Beasts on Oct 11, 2015.
             The game lasted 02:30:39 (17563 turns).

tp1 the Tortoise (Gargoyle Berserker)              Turns: 17563, Time: 02:30:40

Health: -8/88      AC: 32    Str: 21    XL:     14   Next: 93%
Magic:  14/14      EV: 16    Int:  9    God:    Trog [*****.]
Gold:   1525       SH:  0    Dex: 13    Spells: 0 memorised, 13 levels left

rFire  x . .     SeeInvis .     t - +3 battleaxe (freeze)
rCold  + . .     Clarity  .     u - +0 plate armour
rNeg   + . .     SustAt   .     (no shield)
rPois  ∞         Gourm    .     S - +0 helmet
rElec  +         Spirit   .     (no cloak)
rCorr  .         Warding  .     W - +0 pair of gloves
rMut   .         Stasis   .     (no boots)
MR     ++...                    v - amulet of regeneration
Stlth  ..........               a - +6 ring of evasion
                                C - ring of ice

@: very resistant to hostile enchantments, extremely unstealthy
A: big wings, talons 1, thin metallic scales 1, magic resistance 1, negative
energy resistance 1, electricity resistance, unbreathing, evolution 1,
petrification resistance, rot immunity, AC +9
a: Fly, Burn Spellbooks, Berserk, Trog's Hand, Brothers in Arms, Renounce
Religion


You were on level 8 of the Lair of Beasts.
You worshipped Trog.
Trog was extremely pleased with you.
You were hungry.

You visited 2 branches of the dungeon, and saw 21 of its levels.
You also visited: Ice Cave.

You collected 1720 gold pieces.
You spent 195 gold pieces at shops.

Inventory:

Hand Weapons
 d - a +0 antimagic battleaxe
 t - a +3 battleaxe of freezing (weapon)
 L - a +3 longbow of freezing
 P - a +0 battleaxe of electrocution
Missiles
 g - 31 arrows of flame
 M - 13 arrows of dispersal
 X - 61 arrows
Armour
 u - a +0 plate armour (worn)
 E - a +2 cloak
 S - a +0 helmet (worn)
 W - a +0 pair of gloves (worn)
Jewellery
 a - a +6 ring of evasion (right hand)
 n - an uncursed ring of see invisible
 v - an amulet of regeneration (around neck)
 z - an uncursed amulet of resist mutation
 C - a ring of ice (left hand)
 H - an uncursed ring of protection from cold {unknown}
 U - an uncursed amulet of guardian spirit
 V - an uncursed ring of positive energy
 Z - an uncursed ring of fire
Wands
 b - a wand of disintegration (4)
 w - a wand of magic darts (9)
 y - a wand of cold (7)
 D - a wand of flame (28)
 G - a wand of fireball (1)
 K - a wand of digging (11)
 Q - a wand of frost (28)
 T - a wand of paralysis (16)
 Y - a wand of fireball (3)
Scrolls
 e - 3 scrolls of blinking
 f - 3 scrolls of fog
 i - 3 scrolls of enchant weapon
 k - 6 scrolls of identify
 m - 3 scrolls of recharging
 p - 5 scrolls of teleportation
 r - a scroll of remove curse
 J - 4 scrolls of enchant armour
 N - 5 scrolls of fear
Potions
 h - 4 potions of flight
 l - 4 potions of agility
 o - a potion of might
 q - 10 potions of curing
 s - a potion of brilliance
 x - 4 potions of lignification
 A - 2 potions of ambrosia
 R - 10 potions of heal wounds
Comestibles
 c - 8 bread rations
 j - 25 fruits
 B - 4 beef jerkies
 F - 6 meat rations
 I - 7 slices of pizza
 O - 10 chunks of flesh


   Skills:
 - Level 10.0 Fighting
 + Level 8.6(11.3) Axes
   Level 8.6(10.4) Maces & Flails
   Level 9.1(10.5) Polearms
 - Level 9.0 Bows
 - Level 16.0 Armour
 - Level 6.0 Dodging
 - Level 1.0 Evocations


You had 13 spell levels left.
You didn't know any spells.

Dungeon Overview and Level Annotations

Branches:
Dungeon (13/15)            Temple (0/1) D:4            Lair (8/8) D:10
 Shoals (0/4) Lair:4       Spider (0/4) Lair:3        Slime (0/6) Lair:7
    Orc (0/4) D:10
 Vaults: D:13-14

Altars:
Ashenzari
Cheibriados
Dithmenos
Elyvilon
Fedhas
Kikubaaqudgha
Okawaru
Qazlal
Ru
Vehumet
Xom
Zin
The Shining One

Shops:
D:9 !

Portals:
Trove: D:12 (give 20 potions of curing)

Annotations:
D:6 Ijustatesigmund's ghost, novice OpAs


Innate Abilities, Weirdness & Mutations

You are resistant to torment.
Your stone body is resilient (AC +9).
You are immune to poison.
Your large and strong wings let you fly indefinitely.
You resist negative energy.
You are resistant to electric shocks.
You can survive without breathing.
You are immune to petrification.
You are immune to rotting.
You have sharp toenails.
You are partially covered in thin metallic scales (AC +2).
You are resistant to hostile enchantments.
You evolve.


Message History

The fire dragon is heavily wounded.
The fire dragon closely misses you. x2
The fire dragon tramples you but does no damage.
A hell hound comes into view.
The hell hound barks!
You hit the fire dragon. You freeze the fire dragon.
You claw the fire dragon, but do no damage.
The fire dragon is heavily wounded.
The fire dragon bites you but does no damage.
The fire dragon claws you but does no damage.
The fire dragon closely misses you. The fire dragon breathes flames at you.
The blast of flame hits you! The fire burns you terribly!
You are feeling hungry.
The hell hound breathes flames at you. The blast of flame misses you.
The fire dragon breathes flames at you. The blast of flame hits you!
The fire burns you terribly!
Ouch! That really hurt!
You die...

.....# ####.PPP..#.#............
....#####..#.#..####.............
.r.#..#.#..#.#######.............
P.##..#.......##.........††......
..P♣P..........##P......†÷<......
....P.........P.##.......%.......
..♣..P...P......##...............
..≈≈..PPP.....†..##..............
≈≈≈≈♣.PPPP...D..@.......#........
≈♣≈≈≈≈.PPP.....P...#...###.######
♣≈≈≈♣≈PHP.............######
..♣≈≈≈♣....h..PP.....P#..#
..≈≈≈≈.........P.#....P###
♣.P≈♣♣...D.....#......PP.#
.P.......##....#.........#
.Y..P...###...#####.#...##
..♣..P..# #.### ##...PP#


You could see a fire dragon, a four-headed hydra and a hell hound.

Vanquished Creatures
  Gastronok (Lair:1)
  A frost giant (IceCv)
  A very ugly thing (D:12)
  Erolcha (D:9)
  3 hydras
  The ghost of Gorice the Fighter, a novice CeHu of Okawaru (D:9)
  A centaur warrior (D:13)
  6 death yaks
  Pikel (D:7)
  An oklob plant (Lair:6)
  2 ugly things (D:11)
  2 hill giants
  2 griffons (Lair:8)
  3 black mambas
  A centaur zombie (D:13)
  Maurice (D:12)
  A siren (Lair:4)
  Joseph (D:9)
  15 spiny frogs
  4 elephants (Lair:8)
  11 komodo dragons
  3 trolls (D:9)
  6 fire drakes
  15 blink frogs
  12 polar bears (IceCv)
  A trapdoor spider (D:12)
  Sigmund (D:4)
  5 basilisks
  A spriggan (D:8)
  3 vampire mosquitoes (D:12)
  A deep elf mage (D:9)
  2 wyverns
  39 yaks
  11 hippogriffs
  A mottled dragon (D:12)
  Menkaure (D:5)
  A hungry ghost (D:12)
  24 wolves
  2 soldier ants
  A warg (D:10)
  16 water moccasins
  10 porcupines
  Duvessa (D:4)
  2 orc warriors (D:10)
  2 ice beasts
  A hell hound (Lair:8)
  2 wasps
  4 sky beasts
  4 slaves (D:7)
  2 black bears
  3 phantoms
  3 centaurs
  A brain worm (D:12)
  10 crocodiles
  11 giant frogs
  Dowan (D:4)
  6 scorpions
  11 wights
  2 wyvern skeletons
  A water moccasin skeleton (D:4)
  7 electric eels
  5 crimson imps
  2 giant frog zombies
  A quasit (D:10)
  5 hounds
  4 jellies
  Crazy Yiuf (D:2)
  Ijyb (D:2)
  11 orc wizards
  5 centaur skeletons
  7 orc priests
  A giant frog skeleton (D:10)
  8 worker ants
  7 iguanas
  12 sheep
  A hound zombie (D:9)
  4 gnolls (D:3)
  14 adders
  37 river rats
  2 worker ant zombies
  3 shadow imps
  3 oozes
  An adder zombie (D:5)
  4 worms
  4 giant geckos
  42 orcs
  9 bats
  13 giant cockroaches
  9 goblins
  9 hobgoblins
  5 jackals
  3 quokkas
  A ball python (D:5)
  2 giant gecko skeletons
  6 giant newts
  8 kobolds
  A quokka skeleton (D:5)
  6 rats
  4 fungi
  4 plants
555 creatures vanquished.

Vanquished Creatures (collateral kills)
  A hydra (Lair:5)
  A tengu warrior (D:12)
  A centaur warrior (D:12)
  3 hill giants (D:12)
  A wizard (D:12)
  A cyclops (D:13)
  A black mamba (shapeshifter) (D:12)
  A torpor snail (Lair:5)
  A troll (D:12)
  A blink frog (Lair:1)
  A shadow (D:12)
  A vampire mosquito (D:12)
  A hippogriff (Lair:1)
  A wolf (Lair:1)
  A scorpion (shapeshifter) (D:12)
  3 sheep (D:13)
20 creatures vanquished.

Vanquished Creatures (others)
  A wolf (IceCv)
  7 fungi (Lair:8)
  14 plants
22 creatures vanquished.

Grand Total: 597 creatures vanquished

Notes
Turn   | Place    | Note
--------------------------------------------------------------
     0 | D:1      | tp1 the Gargoyle Berserker began the quest for the Orb.
     0 | D:1      | Reached XP level 1. HP: 14/14 MP: 1/1
   165 | D:1      | Reached XP level 2. HP: 19/19 MP: 2/2
   761 | D:1      | Reached XP level 3. HP: 18/23 MP: 3/3
  1102 | D:2      | Acquired Trog's second power
  1237 | D:2      | Noticed Ijyb
  1255 | D:2      | Killed Ijyb
  1255 | D:2      | Reached XP level 4. HP: 26/28 MP: 4/4
  1409 | D:2      | Noticed Crazy Yiuf
  1421 | D:2      | Killed Crazy Yiuf
  1554 | D:2      | Found a shattered altar of Ashenzari.
  2121 | D:3      | Found a glowing silver altar of Zin.
  2212 | D:3      | Reached XP level 5. HP: 18/32 MP: 5/5
  2218 | D:3      | Reached skill level 4 in Dodging
  2491 | D:3      | Noticed a giant frog
  2501 | D:3      | Killed a giant frog
  2501 | D:3      | Reached XP level 6. HP: 30/37 MP: 6/6
  2858 | D:4      | Found a shadowy altar of Dithmenos.
  2871 | D:4      | Reached skill level 5 in Maces & Flails
  2963 | D:4      | Found a white marble altar of Elyvilon.
  2966 | D:4      | Noticed Dowan
  2967 | D:4      | Noticed Menkaure
  2967 | D:4      | Noticed Duvessa
  2991 | D:5      | Entered Level 5 of the Dungeon
  3057 | D:5      | Killed Menkaure
  3057 | D:5      | Reached skill level 6 in Maces & Flails
  3057 | D:5      | Reached XP level 7. HP: 14/41 MP: 7/7
  3094 | D:4      | Killed Duvessa
  3098 | D:4      | Killed Dowan
  3098 | D:4      | Reached skill level 7 in Maces & Flails
  3290 | D:4      | Noticed Sigmund
  3301 | D:4      | Killed Sigmund
  3770 | D:4      | Reached skill level 8 in Maces & Flails
  3770 | D:4      | Reached XP level 8. HP: 25/46 MP: 8/8
  3953 | D:4      | Found a staircase to the Ecumenical Temple.
  4485 | D:5      | Reached skill level 1 in Polearms
  4786 | D:5      | Found a stormy altar of Qazlal.
  4820 | D:5      | Reached skill level 1 in Evocations
  5098 | D:6      | Noticed Ijustatesigmund's ghost (novice OpAs)
  5360 | D:7      | Reached skill level 5 in Polearms
  5360 | D:7      | Reached XP level 9. HP: 49/51 MP: 9/9
  5403 | D:7      | Noticed Pikel
  5417 | D:7      | Killed Pikel
  5446 | D:7      | Found a sacrificial altar of Ru.
  5489 | D:7      | Acquired Trog's third power
  5636 | D:7      | Found a radiant altar of Vehumet.
  6269 | D:8      | Found a glowing golden altar of the Shining One.
  6403 | D:8      | Reached skill level 5 in Armour
  6407 | D:8      | Reached XP level 10. HP: 39/56 MP: 10/10
  6533 | D:8      | Found an ancient bone altar of Kikubaaqudgha.
  6533 | D:8      | Found a blossoming altar of Fedhas.
  6586 | D:8      | Found an iron altar of Okawaru.
  7109 | D:9      | Reached skill level 5 in Fighting
  7251 | D:9      | Noticed Gorice's ghost (novice CeHu)
  7251 | D:9      | Noticed Erolcha
  7265 | D:9      | Killed Erolcha
  7286 | D:9      | Killed Gorice's ghost
  7370 | D:9      | Reached skill level 9 in Fighting
  7456 | D:9      | Found Jawi's Distillery.
  7461 | D:9      | Bought a potion of heal wounds for 65 gold pieces
  7461 | D:9      | Bought 2 potions of heal wounds for 130 gold pieces
  7471 | D:9      | Gained mutation: You are resistant to hostile enchantments. [potion of mutation]
  7471 | D:9      | Gained mutation: You have sharp toenails. [potion of mutation]
  7471 | D:9      | Gained mutation: You evolve. [potion of mutation]
  7750 | D:9      | Noticed Joseph
  7757 | D:9      | Killed Joseph
  7757 | D:9      | Reached skill level 10 in Fighting
  7757 | D:9      | Reached XP level 11. HP: 72/72 MP: 11/11
  7967 | D:9      | Found a snail-covered altar of Cheibriados.
  7967 | D:9      | Found a shimmering altar of Xom.
  8220 | D:9      | Gained mutation: Your flesh is cold resistant. [evolution]
  8284 | D:10     | Entered Level 10 of the Dungeon
  8385 | D:10     | Found a staircase to the Lair.
  8445 | D:10     | Found a staircase to the Orcish Mines.
  8727 | D:10     | Noticed a hill giant
  8732 | D:10     | Killed a hill giant
  9131 | D:11     | Reached skill level 10 in Armour
  9229 | D:11     | Noticed a hill giant
  9237 | D:11     | Killed a hill giant
  9493 | D:12     | Found a portal to a secret trove of treasure.
  9512 | D:12     | Reached skill level 11 in Armour
  9595 | D:12     | Noticed a five-headed hydra
  9609 | D:13     | Killed an eight-headed hydra
  9687 | D:13     | Noticed a centaur warrior
  9692 | D:13     | Killed a centaur warrior
  9692 | D:13     | Reached skill level 12 in Armour
  9692 | D:13     | Reached XP level 12. HP: 71/77 MP: 12/12
  9702 | D:12     | Noticed a seven-headed hydra
  9712 | D:12     | Killed a nine-headed hydra
  9784 | D:12     | Noticed Maurice
  9837 | D:12     | Killed Maurice
  9837 | D:12     | Reached skill level 13 in Armour
 10088 | D:12     | Noticed a hill giant
 10089 | D:12     | Noticed a hill giant
 10090 | D:12     | Noticed a wizard
 10090 | D:12     | Noticed a hill giant
 10098 | D:12     | Noticed a centaur warrior
 10099 | D:12     | Noticed a green very ugly thing
 10100 | D:12     | Noticed a tengu warrior
 10123 | D:12     | Killed a green very ugly thing
 10130 | D:12     | Killed a tengu warrior
 10132 | D:12     | Killed a hill giant
 10135 | D:12     | Killed a hill giant
 10135 | D:12     | Killed a hill giant
 10135 | D:12     | Reached skill level 14 in Armour
 10137 | D:12     | Killed a centaur warrior
 10139 | D:12     | Killed a wizard
 10255 | D:11     | Upgraded the game from 0.17-a0-2027-gcac42c4 to 0.17-a0-2055-gb4e23be
 10365 | Lair:1   | Entered Level 1 of the Lair of Beasts
 10443 | Lair:1   | Noticed Gastronok
 10466 | Lair:1   | Killed Gastronok
 10466 | Lair:1   | Reached skill level 15 in Armour
 10656 | Lair:1   | Reached XP level 13. HP: 74/82 MP: 13/13
 10666 | Lair:1   | Reached skill level 1 in Axes
 10720 | Lair:1   | Found a dark tunnel.
 10998 | Lair:1   | Lost mutation: Your flesh is cold resistant. [evolution]
 11169 | Lair:2   | Reached skill level 16 in Armour
 11467 | Lair:2   | Received a gift from Trog
 11860 | Lair:3   | Found a hole to the Spider Nest.
 12659 | Lair:4   | Reached skill level 1 in Bows
 13154 | Lair:4   | Found a staircase to the Shoals.
 13540 | Lair:5   | Received a gift from Trog
 13588 | Lair:5   | Reached skill level 5 in Bows
 13898 | Lair:5   | Found a runed door.
 14484 | Lair:6   | Found a shimmering altar of Xom.
 15309 | Lair:7   | Received a gift from Trog
 15317 | Lair:7   | Gained mutation: Your large and strong wings let you fly indefinitely. [Gargoyle growth]
 15317 | Lair:7   | Reached XP level 14. HP: 88/88 MP: 14/14
 15410 | Lair:7   | Received a gift from Trog
 15410 | Lair:7   | Reached skill level 5 in Axes
 15619 | Lair:7   | Found a frozen archway.
 15629 | IceCv    | Entered an ice cave
 15765 | IceCv    | Reached skill level 5 in Dodging
 15792 | IceCv    | Received a gift from Trog
 15803 | IceCv    | Got an encrusted glaive {god gift}
 15804 | IceCv    | Identified the +5 glaive of the Dove {chop, MR+ Str-3 Dex+4 SInv} (Trog gifted it to you in an ice cave)
 16072 | IceCv    | Noticed a frost giant
 16093 | IceCv    | Killed a frost giant
 16367 | Lair:7   | Found a staircase to the Slime Pits.
 16693 | Lair:7   | Gained mutation: You are partially covered in thin metallic scales (AC +2). [evolution]
 16820 | Lair:8   | Entered Level 8 of the Lair of Beasts
 16834 | Lair:8   | Received a gift from Trog
 17167 | Lair:8   | Received a gift from Trog
 17492 | Lair:8   | Received a gift from Trog
 17563 | Lair:8   | Killed from afar by a fire dragon

Vault maps used:
D:1:      shiori_shiawase
D:2:      nicolae_ashenzari_panopticon, serial_curves, eino_curves_02,
          eino_curves_03, minivault_26, uniq_crazy_yiuf_cottage, uniq_iyjb
D:3:      nicolae_overflow_hidden_temple
D:4:      lemuel_crystal_altar, grunt_dithmenos_smoke,
          minmay_temple_entry_junction2, uniq_menkaure, uniq_duvessa,
          uniq_sigmund
D:5:      lemuel_round_altar, first_bread, kennysheep_generic_room_12
D:7:      nicolae_ru_great_annihilating_truth, lemuel_round_altar, uniq_pikel
D:8:      grunt_temple_overflow_growth_and_decay, tso_altar,
          okawaru_metal_pillars_1_2, grunt_pizzeria, serial_bayou_lagoon_b
D:9:      gammafunk_temple_overflow_wave, serial_shops,
          nicolae_shop_statue_plus, uniq_joseph, uniq_erolcha
D:10:     minmay_lair_entry_lava, erik_orc_3, st_stairs_6
D:12:     nicolae_trove_entry_crossroad, nrook_uturn, grunt_ministairs_1,
          minivault_12, uniq_maurice
D:13:     minmay_diamond_stairs, wad_floor_pattern_2,
          minmay_guarded_unrand_flaming_death
Lair:1:   nicolae_volcano_entry_hallway, fungi_pond_lemuel,
          grunt_forest_large_clearings, infiniplex_staircase_pool,
          uniq_gastronok
Lair:3:   nicolae_spider_entry_non_spiders
Lair:4:   minmay_shoals_entry_lonely_mermaid, minmay_lair_drake_nest
Lair:5:   pf_torpor_hydra
Lair:6:   lemuel_oklob_altar, serial_bayou_shore_b, infiniplex_staircase_pool_2
Lair:7:   slime_dummy, portal_ice_cave_entry_pillars_02, minmay_hedge_maze,
          roderic_batcave, bh_autumn_forest_stairs
Lair:8:   wormcave, hangedman_lair_caniforms_friends, special_room,
          serial_bayou_pond_a, st_stairs_12, nicolae_quartered_pool_super
IceCv:    ice_cave_caverns_03

Action                   |  1- 3 |  4- 6 |  7- 9 | 10-12 | 13-15 || total
-------------------------+-------+-------+-------+-------+-------++-------
Melee: Mace              |    31 |   203 |    78 |       |       ||   312
       Hand axe          |    64 |     8 |    18 |       |       ||    90
       Glaive            |       |       |   299 |       |    46 ||   345
       Battleaxe         |       |       |    86 |   507 |   713 ||  1306
 Fire: Longbow           |       |       |       |       |   143 ||   143
Invok: Berserk           |       |     6 |     5 |    13 |     3 ||    27
       Trog's Hand       |       |     2 |     2 |     4 |       ||     8
       Brothers in Arms  |       |       |       |     6 |     1 ||     7
       Burn Spellbooks   |       |       |       |     1 |     5 ||     6
 Abil: Fly               |       |       |       |       |     1 ||     1
       Stop Flying       |       |       |       |       |     1 ||     1
Evoke: Wand              |       |       |     4 |     3 |     2 ||     9
  Use: Scroll            |       |       |     9 |     5 |     7 ||    21
       Potion            |       |       |       |     9 |     3 ||    12
 Stab: Sleeping          |     1 |       |       |       |       ||     1
  Eat: Chunk             |       |    13 |    16 |    18 |    20 ||    67
       Beef jerky        |       |       |     1 |       |     1 ||     2
       Bread ration      |       |       |     1 |     3 |     1 ||     5
       Pizza             |       |       |       |     3 |       ||     3
       Fruit             |       |       |       |       |     5 ||     5
